 Dungeon Crawl Stone Soup version 0.30-a0-305-g026cb31310 (webtiles) character file.

Game seed: 88945853470488788

61 Lanoc the Conjurer (level 3, -2/26 HPs)
             Began as a Draconian Conjurer on Oct 21, 2022.
             Slain by Jessica
             ... wielding a +0 club
              (4 damage)
             ... on level 3 of the Dungeon.
             The game lasted 00:02:31 (2015 turns).

Lanoc the Conjurer (Draconian Conjurer)             Turns: 2015, Time: 00:02:32

Health: -2/26      AC:  5    Str:  9    XL:     3   Next: 83%
Magic:  1/6        EV: 12    Int: 20    God:
Gold:   53         SH:  0    Dex:  9    Spells: 3/6 levels left

rFire   . . .      SeeInvis .    d - staff of air
rCold   . . .      Faith    .    (no shield)
rNeg    . . .      Spirit   .    (body armour unavailable)
rPois   .          Reflect  .    (helmet restricted)
rElec   +          Harm     .    (no cloak)
rCorr   .          Rampage  .    (no gloves)
Will    .....                    (no boots)
Stlth   ++........               (no amulet)
HPRegen 0.24/turn                (no ring)
MPRegen 0.10/turn                (no ring)

@: slowed, very slow
A: AC +5, unfitting armour, cold-blooded
a: no special abilities


You were on level 3 of the Dungeon.
You visited 1 branch of the dungeon, and saw 3 of its levels.

You collected 53 gold pieces.

Inventory:

Missiles
 n - 12 atropa-tipped darts
Magical Staves
 d - a staff of air (weapon)
Scrolls
 c - a scroll of butterflies {unknown}
 e - 4 scrolls of identify {unknown}
 f - a scroll of fear {unknown}
 h - a scroll of silence {unknown}
 i - a scroll of noise {unknown}
 k - 2 scrolls of torment {unknown}
 m - a scroll of amnesia {unknown}
 o - a scroll of teleportation {unknown}
 p - a scroll of immolation {unknown}
Potions
 a - a potion of magic
 b - a potion of mutation {unknown}
 g - a potion of curing {unknown}
 j - a potion of might {unknown}
 l - a potion of brilliance {unknown}


   Skills:
 + Level 2.5 Dodging
 - Level 1.7 Stealth
 - Level 2.0 Spellcasting
 * Level 5.1 Conjurations


You had 3 spell levels left.
You knew the following spells:

 Your Spells              Type           Power      Damage    Failure   Level
a - Magic Dart            Conj           88%        1d7       1%          1
b - Searing Ray           Conj           44%        2d6       3%          2

Your spell library contained the following spells:

 Spells                   Type           Power      Damage    Failure   Level
 Shock                    Conj/Air       72%        1d7       5%          1
 Dazzling Flash           Conj/Hex       24%        N/A       17%         3
 Swiftness                Air            3%         N/A       43%         3
 Fulminant Prism          Conj/Hex       6%         3d7       50%         4
 Iskenderun's Mystic Bla  Conj/Tloc      12%        2d5       50%         4
 Airstrike                Air            1%         2d(1-17)  83%         4


Dungeon Overview and Level Annotations

Branches:
Dungeon (3/15)

Altars:
Qazlal

Annotations:
D:3 Jessica


Innate Abilities, Weirdness & Mutations

Your plain brown scales are hard. (AC +5)
You cannot fit into any form of body armour.
You are cold-blooded and may be slowed by cold attacks.


Message History

Press: ? - help, Shift-Dir - straight line, f/p - Jessica
Aim: Jessica, wielding a +0 club and wearing a +0 robe (lightly wounded, 100% to hit)
The magic dart hits Jessica.
Jessica is moderately wounded.
Jessica mumbles some strange words.
Jessica seems to speed up.
Casting: Magic Dart (safe; 1% risk of failure)
Confirm with . or Enter, or press ? or * to list all spells.
Aiming: Magic Dart (safe; 1% risk of failure)
Press: ? - help, Shift-Dir - straight line, f/p - Jessica
Aim: Jessica, wielding a +0 club and wearing a +0 robe (moderately wounded, fast, 100% to hit)
The magic dart hits Jessica.
Jessica is moderately wounded.
Jessica hits you but does no damage.
You barely miss Jessica. Your punch misses Jessica.
Jessica is moderately wounded.
Jessica hits you with a +0 club.
You hit Jessica.
Jessica is heavily wounded.
Jessica misses you. Jessica hits you with a +0 club.
You hit Jessica.
Jessica is severely wounded.
Jessica hits you but does no damage. Jessica hits you with a +0 club.
You barely miss Jessica.
Jessica is severely wounded.
Jessica hits you with a +0 club. Jessica says, "Why did you come here?"
Jessica gestures at you while chanting.
You feel yourself slow down.
You hit Jessica.
Jessica is almost dead.
Jessica gestures at you while chanting.
You feel as though you will be slow longer.
Jessica points at you and mumbles some strange words.
Pain shoots through your body!
* * * LOW HITPOINT WARNING * * *
You barely miss Jessica.
Jessica is almost dead.
Jessica hits you with a +0 club.
You die...

..# # ..# # ...# # ... #
†@# # ###?.#.#### #
.######....#....####### ##
........#######.[.....####.
#######..@@#....#####......
######..#.#######..####.
#....)#.#.# ###....#####
#.####....#^....≈.(..(..
####..≈≈^..≈^#..###
..)##§..^≈≈#≈#
#.#.^§#^(^.(#.# ..
.§§§^.≈≈.^.# ##.
...§._......


You could see Jessica (fast).

Vanquished Creatures
  2 adders (D:3)
  A dart slug (D:3)
  2 bats
  8 endoplasms
  A giant cockroach (D:1)
  3 goblins
  2 hobgoblins (D:2)
  4 jackals (D:1)
  3 kobolds
  A quokka (D:2)
  4 frilled lizards
  6 rats
37 creatures vanquished.

Notes
Turn   | Place    | Note
-------+----------+-------------------------------------------
     0 | D:1      | Lanoc the Draconian Conjurer began the quest for the Orb.
     0 | D:1      | Reached XP level 1. HP: 14/14 MP: 3/3
   260 | D:1      | Reached XP level 2. HP: 20/20 MP: 3/5
  1401 | D:2      | Reached XP level 3. HP: 26/26 MP: 3/6
  1749 | D:3      | Learned a level 2 spell: Searing Ray
  1851 | D:3      | Found a stormy altar of Qazlal.
  1961 | D:3      | Reached skill level 5 in Conjurations
  2001 | D:3      | Noticed Jessica
  2015 | D:3      | Slain by Jessica

Illustrated notes

Levels and vault maps discovered:
D:1:      dpeg_arrival_refuge, layout_loops_ring
D:2:      layout_basic, minmay_tetromino_s4
D:3:      layout_loops_ring, nicolae_overflow_hidden_temple,
          grunt_qazlal_sundering, nicolae_ashenzari_skybound, uniq_pargi,
          uniq_ijyb, uniq_jessica

Skill      XL: |  1  2  3 |
---------------+----------+-----
Dodging        | 2 |  2.5
Conjurations   | 5 |  5.1
Stealth        | |  1.7
Spellcasting   | |  2.0

Action                   || total
-------------------------++-------
Melee: Staff             ||    19
       Tailslap          ||     1
 Cast: Magic Dart        ||    75
Armor: Skin              ||     8
Dodge: Dodged            ||    22

Table legend: (Time is in decaauts)
 A = Elapsed time spent in this place.
 B = Non-inter-level travel time spent in this place.
 C = Inter-level travel time spent in this place.
 D = Time resting spent in this place.
 E = Time spent auto-exploring this place.
 F = Levels seen in this place.
 G = Mean time per level.
                   A        B        C        D        E       F      G
               +--------+--------+--------+--------+--------+-----+--------+
         Total |   2018 |   1963 |     55 |      0 |   1737 |   3 |  672.7 |
       Dungeon |   2018 |   1963 |     55 |      0 |   1737 |   3 |  672.7 |
               +--------+--------+--------+--------+--------+-----+--------+

Top non-repeatable levels by time:
     D:1: 971 daAuts
     D:2: 772 daAuts
     D:3: 274 daAuts
